PCL
WALLA WALLA ALL-STARS @ LAS VEGAS STARS
08/19/2023
 
TOP OF THE 1ST
Walla Walla All-Stars batting - Pitching for Las Vegas Stars : RHP Tim Harmon
Pitching: RHP Tim Harmon
Batting: LHB Mike Young 0-0: Swinging Strike
0-1: Foul Ball, location: 2F
0-2: Foul Ball, location: 2F
0-2: Foul Ball, location: 2F
0-2: Foul Ball, location: 2F
0-2: Foul Ball, location: 2F
0-2: Strikes out looking
Batting: RHB Pablo Lucero 0-0: Foul Ball, location: 2F
0-1: Ball
1-1: Fly out, F8 (Flyball, 8LS)
Batting: RHB Lorenzo Morín 0-0: Foul Ball, location: 2F
0-1: Called Strike
0-2: Ball
1-2: Foul Ball, location: 2F
1-2: Ball
2-2: SOLO HOME RUN (Flyball, 7LD), Distance : 409 ft
Batting: RHB Claudio Guerra 0-0: Foul Ball, location: 2F
0-1: Foul Ball, location: 2F
0-2: Strikes out swinging
Top of the 1st over - 1 run(s), 1 hit(s), 0 error(s), 0 left on base; Walla Walla 1 - Las Vegas 0
BOTTOM OF THE 1ST
Las Vegas Stars batting - Pitching for Walla Walla All-Stars : LHP Pedro Torres
Pitching: LHP Pedro Torres
Batting: RHB Kelly Jones 0-0: Foul Ball, location: 2F
0-1: Ball
1-1: Foul Ball, location: 2F
1-2: Ball
2-2: Strikes out swinging
Batting: RHB Ron Shelton 0-0: Ball
1-0: Foul Ball, location: 2F
1-1: Fly out, F8 (Flyball, 8LXD)
Batting: LHB Evan Slootweg 0-0: Called Strike
0-1: Ball
1-1: Ball
2-1: Swinging Strike
2-2: Ball
3-2: Strikes out swinging
Bottom of the 1st over - 0 run(s), 0 hit(s), 0 error(s), 0 left on base; Walla Walla 1 - Las Vegas 0
TOP OF THE 2ND
Walla Walla All-Stars batting - Pitching for Las Vegas Stars : RHP Tim Harmon
Batting: SHB Clinton Watson 0-0: Called Strike
0-1: Ball
1-1: Fly out, F7 (Flyball, 78M)
Batting: RHB Daniel Guerrero 0-0: Ball
1-0: Ground out 5-3 (Groundball, 5S)
Batting: SHB Ryu Kichida 0-0: Ball
1-0: Ball
2-0: Called Strike
2-1: Ground out 3-1 (Groundball, 34S)
Top of the 2nd over - 0 run(s), 0 hit(s), 0 error(s), 0 left on base; Walla Walla 1 - Las Vegas 0
BOTTOM OF THE 2ND
Las Vegas Stars batting - Pitching for Walla Walla All-Stars : LHP Pedro Torres
Batting: LHB Ricardo Vargas 0-0: Called Strike
0-1: SOLO HOME RUN (Flyball, 89XD), Distance : 423 ft
Batting: LHB Juan Cabañas 0-0: Called Strike
0-1: Ball
1-1: SINGLE (Flyball, 9S)
Batting: LHB Eliot Helen 0-0: Fly out, F7 (Flyball, 7D)
Batting: RHB Tom Jacobson 0-0: Ball
1-0: Ball
2-0: Grounds into double play, 6-4-3 (Groundball, 6)
Bottom of the 2nd over - 1 run(s), 2 hit(s), 0 error(s), 0 left on base; Walla Walla 1 - Las Vegas 1
TOP OF THE 3RD
Walla Walla All-Stars batting - Pitching for Las Vegas Stars : RHP Tim Harmon
Batting: RHB Pablo Castillo 0-0: Called Strike
0-1: Foul Ball, location: 2F
0-2: Fly out, F9 (Flyball, 89D)
Batting: LHB Bob Martin 0-0: Called Strike
0-1: Ball
1-1: Ball
2-1: DOUBLE (Line Drive, 9LD)
Batting: LHB Mike Young 0-0: Called Strike
0-1: DOUBLE (Line Drive, 3L)
Bob Martin scores
Batting: RHB Pablo Lucero 0-0: Ball
Mike Young is caught stealing 3rd base
1-0: Ball
2-0: Ball
3-0: Base on Balls
Batting: RHB Lorenzo Morín 0-0: Called Strike
0-1: Ground out U3 (Groundball, 3S)
Top of the 3rd over - 1 run(s), 2 hit(s), 0 error(s), 1 left on base; Walla Walla 2 - Las Vegas 1
BOTTOM OF THE 3RD
Las Vegas Stars batting - Pitching for Walla Walla All-Stars : LHP Pedro Torres
Batting: RHB Tae-kwon Kwon 0-0: Foul Ball, location: 2F
0-1: Ball
1-1: Ball
2-1: Ground out 6-3 (Groundball, 6)
Batting: RHB Cole Bradley 0-0: Ball
1-0: Ball
2-0: Foul Ball, location: 2F
2-1: Fly out, F4 (Popup, 4M)
Batting: RHB Kelly Jones 0-0: Foul Ball, location: 2F
0-1: Ball
1-1: Called Strike
1-2: Strikes out looking
Bottom of the 3rd over - 0 run(s), 0 hit(s), 0 error(s), 0 left on base; Walla Walla 2 - Las Vegas 1
TOP OF THE 4TH
Walla Walla All-Stars batting - Pitching for Las Vegas Stars : RHP Tim Harmon
Batting: RHB Claudio Guerra 0-0: Ball
1-0: Foul Ball, location: 2F
1-1: Swinging Strike
1-2: Ball
2-2: Ground out 5-3 (Groundball, 5S)
Batting: SHB Clinton Watson 0-0: Ball
1-0: Ball
2-0: Ball
3-0: Foul Ball, location: 2F
3-1: Called Strike
3-2: Foul Ball, location: 2F
3-2: Foul Ball, location: 2F
3-2: Foul Ball, location: 2F
3-2: Foul Ball, location: 2F
3-2: Ground out 3-1 (Groundball, 3D)
Batting: RHB Daniel Guerrero 0-0: Ball
1-0: Ground out 6-3 (Groundball, 6S)
Top of the 4th over - 0 run(s), 0 hit(s), 0 error(s), 0 left on base; Walla Walla 2 - Las Vegas 1
BOTTOM OF THE 4TH
Las Vegas Stars batting - Pitching for Walla Walla All-Stars : LHP Pedro Torres
Batting: RHB Ron Shelton 0-0: Called Strike
0-1: Foul Ball, location: 2F
0-2: Ball
1-2: Strikes out looking
Batting: LHB Evan Slootweg 0-0: Called Strike
0-1: Ball
1-1: Foul Ball, location: 2F
1-2: Ball
2-2: Ball
3-2: Ground out 4-3 (Groundball, 4)
Batting: LHB Ricardo Vargas 0-0: Foul Ball, location: 2F
0-1: Fly out, F9 (Flyball, 9D)
Bottom of the 4th over - 0 run(s), 0 hit(s), 0 error(s), 0 left on base; Walla Walla 2 - Las Vegas 1
TOP OF THE 5TH
Walla Walla All-Stars batting - Pitching for Las Vegas Stars : RHP Tim Harmon
Batting: SHB Ryu Kichida 0-0: Foul Ball, location: 2F
0-1: Ball
1-1: Ball
2-1: Swinging Strike
2-2: Ground out 4-3 (Groundball, 4)
Batting: RHB Pablo Castillo 0-0: Ball
1-0: Ball
2-0: Swinging Strike
2-1: Foul Ball, location: 2F
2-2: Ball
3-2: Base on Balls
Batting: LHB Bob Martin 0-0: Called Strike
0-1: Called Strike
0-2: Ball
1-2: SINGLE (Flyball, 8LS)
Pablo Castillo to second
Batting: LHB Mike Young 0-0: Ball
1-0: Ball
2-0: Ball
3-0: Base on Balls
Pablo Castillo to third
Bob Martin to second
Batting: RHB Pablo Lucero 0-0: Called Strike
0-1: Ball
1-1: Foul Ball, location: 2F
1-2: Strikes out looking
Pitching: RHP Jorge Ibarra
Batting: RHB Lorenzo Morín 0-0: Ball
1-0: Foul Ball, location: 2F
1-1: Ball
2-1: Swinging Strike
2-2: Strikes out swinging
Top of the 5th over - 0 run(s), 1 hit(s), 0 error(s), 3 left on base; Walla Walla 2 - Las Vegas 1
BOTTOM OF THE 5TH
Las Vegas Stars batting - Pitching for Walla Walla All-Stars : LHP Pedro Torres
Batting: LHB Juan Cabañas 0-0: Called Strike
0-1: Ball
1-1: Called Strike
1-2: Strikes out swinging
Batting: LHB Eliot Helen 0-0: Called Strike
0-1: Ball
1-1: Called Strike
1-2: Foul Ball, location: 2F
1-2: Ball
2-2: Ball
3-2: Fly out, F7 (Flyball, 78M)
Batting: RHB Tom Jacobson 0-0: Foul Ball, location: 2F
0-1: Fly out, F3 (Popup, 13)
Bottom of the 5th over - 0 run(s), 0 hit(s), 0 error(s), 0 left on base; Walla Walla 2 - Las Vegas 1
TOP OF THE 6TH
Walla Walla All-Stars batting - Pitching for Las Vegas Stars : RHP Jorge Ibarra
Batting: RHB Claudio Guerra 0-0: Swinging Strike
0-1: Ball
1-1: Ball
2-1: Foul Ball, location: 2F
2-2: Foul Ball, location: 2F
2-2: Strikes out looking
Batting: SHB Clinton Watson 0-0: Ball
1-0: Ball
2-0: Called Strike
2-1: Ball
3-1: Base on Balls
Batting: RHB Daniel Guerrero 0-0: Foul Ball, location: 2F
0-1: Ground out 4-3 (Groundball, 4M)
Clinton Watson to second
Batting: SHB Ryu Kichida 0-0: Ball
1-0: Called Strike
1-1: Ball
2-1: Foul Ball, location: 2F
2-2: Ground out U3 (Groundball, 3S)
Top of the 6th over - 0 run(s), 0 hit(s), 0 error(s), 1 left on base; Walla Walla 2 - Las Vegas 1
BOTTOM OF THE 6TH
Las Vegas Stars batting - Pitching for Walla Walla All-Stars : LHP Pedro Torres
Batting: RHB Tae-kwon Kwon 0-0: Ball
1-0: Ball
2-0: Ball
3-0: Called Strike
3-1: Base on Balls
Batting: RHB Cole Bradley 0-0: Called Strike
0-1: Ball
1-1: Called Strike
1-2: Strikes out swinging
Batting: RHB Kelly Jones 0-0: Ball
1-0: Called Strike
1-1: Called Strike
1-2: Foul Ball, location: 2F
1-2: Foul Ball, location: 2F
1-2: Ball
2-2: Strikes out swinging
Tae-kwon Kwon steals 2nd base
Batter strikes out.
Batting: RHB Ron Shelton 0-0: Foul Ball, location: 2F
0-1: Ball
1-1: Swinging Strike
1-2: Foul Ball, location: 2F
1-2: Strikes out swinging
Bottom of the 6th over - 0 run(s), 0 hit(s), 0 error(s), 1 left on base; Walla Walla 2 - Las Vegas 1
TOP OF THE 7TH
Walla Walla All-Stars batting - Pitching for Las Vegas Stars : RHP Jorge Ibarra
Batting: RHB Pablo Castillo 0-0: Ball
1-0: SINGLE (Flyball, 8LS)
Batting: LHB Bob Martin 0-0: Bunted foul
0-1: Sac Bunt - play at second, runner safe!
Batting: LHB Mike Young 0-0: Foul Ball, location: 2F
0-1: Fly out, F3 (Popup, 3SF)
Batting: RHB Pablo Lucero 0-0: Ball
1-0: Foul Ball, location: 2F
1-1: Ball
2-1: Called Strike
2-2: Ball
3-2: Foul Ball, location: 2F
3-2: SINGLE (Groundball, 34S)
Pablo Castillo to third
Bob Martin to second
Runner from 3rd tries for Home, SAFE, throw made home
Batting: RHB Lorenzo Morín 0-0: Ball
1-0: Ball
2-0: Ball
3-0: Called Strike
3-1: Foul Ball, location: 2F
Reached via error on a dropped throw, E6
Bob Martin to third
Pablo Lucero to second
Batting: RHB Claudio Guerra 0-0: Ball
1-0: Fly out, F6 (Popup, 6MD)
Batting: SHB Clinton Watson 0-0: Called Strike
0-1: Ball
1-1: Ball
2-1: Foul Ball, location: 2F
2-2: Fly out, F7 (Flyball, 78M)
Top of the 7th over - 1 run(s), 2 hit(s), 1 error(s), 3 left on base; Walla Walla 3 - Las Vegas 1
BOTTOM OF THE 7TH
Las Vegas Stars batting - Pitching for Walla Walla All-Stars : LHP Pedro Torres
Pitching: RHP León Trevino
Batting: LHB Evan Slootweg 0-0: Called Strike
0-1: Called Strike
0-2: Ball
1-2: Foul Ball, location: 2F
1-2: Ball
2-2: Foul Ball, location: 2F
2-2: Ball
3-2: Ground out 6-3 (Groundball, 6M)
Batting: LHB Ricardo Vargas 0-0: Called Strike
0-1: Foul Ball, location: 2F
0-2: Ball
1-2: SOLO HOME RUN (Flyball, 9D), Distance : 398 ft
Batting: LHB Juan Cabañas 0-0: Called Strike
0-1: Fly out, F8 (Flyball, 89D)
Batting: LHB Eliot Helen 0-0: Ball
1-0: Foul Ball, location: 2F
1-1: Ball
2-1: Ball
3-1: Base on Balls
Pinch Hitting: SHB Santiago Farías 0-0: Foul Ball, location: 2F
0-1: Ball
1-1: Ball
2-1: Fly out, F7 (Flyball, 7M)
Bottom of the 7th over - 1 run(s), 1 hit(s), 0 error(s), 1 left on base; Walla Walla 3 - Las Vegas 2
TOP OF THE 8TH
Walla Walla All-Stars batting - Pitching for Las Vegas Stars : RHP Jorge Ibarra
Pitching: RHP Mike Drader
Now at 2B: Jeremy Atkins
Batting: RHB Daniel Guerrero 0-0: Ball
1-0: Ball
2-0: Ball
3-0: Base on Balls
Batting: SHB Ryu Kichida 0-0: Sac Bunt - play at first, batter OUT! 5-4
Daniel Guerrero to second
Pinch Hitting: SHB Vicente Martínez 0-0: Fly out, F8 (Flyball, 8RXD)
Runner from 2nd tags up, SAFE at 3rd, no throw
Batting: LHB Bob Martin 0-0: Ball
1-0: Ball
2-0: Foul Ball, location: 2F
2-1: Called Strike
2-2: Ball
3-2: Strikes out swinging
Top of the 8th over - 0 run(s), 0 hit(s), 0 error(s), 1 left on base; Walla Walla 3 - Las Vegas 2
BOTTOM OF THE 8TH
Las Vegas Stars batting - Pitching for Walla Walla All-Stars : RHP León Trevino
Now at 3B: Vicente Martínez
Now at SS: Santiago Vallés
Batting: RHB Tae-kwon Kwon 0-0: Swinging Strike
0-1: Ball
1-1: Called Strike
1-2: Foul Ball, location: 2F
1-2: Ground out 5-3 (Groundball, 5)
Pitching: LHP Juan Ortíz
Batting: RHB Cole Bradley 0-0: Called Strike
0-1: Ball
1-1: Called Strike
1-2: Ball
2-2: Fly out, F8 (Flyball, 8RM)
Pitching: RHP Ricky Gutiérrez
Batting: RHB Kelly Jones 0-0: Called Strike
0-1: Ball
1-1: Called Strike
1-2: Ball
2-2: Strikes out swinging
Bottom of the 8th over - 0 run(s), 0 hit(s), 0 error(s), 0 left on base; Walla Walla 3 - Las Vegas 2
TOP OF THE 9TH
Walla Walla All-Stars batting - Pitching for Las Vegas Stars : RHP Mike Drader
Batting: LHB Mike Young 0-0: Called Strike
0-1: Ball
1-1: Foul Ball, location: 2F
1-2: Strikes out swinging
Batting: RHB Pablo Lucero 0-0: Ball
1-0: Ball
2-0: Foul Ball, location: 2F
2-1: Foul Ball, location: 2F
2-2: Foul Ball, location: 2F
2-2: Strikes out swinging
Batting: RHB Lorenzo Morín 0-0: Ball
1-0: Ball
2-0: Ball
3-0: Base on Balls
Batting: RHB Claudio Guerra 0-0: Swinging Strike
0-1: Fly out, F8 (Flyball, 8LD)
Top of the 9th over - 0 run(s), 0 hit(s), 0 error(s), 1 left on base; Walla Walla 3 - Las Vegas 2
BOTTOM OF THE 9TH
Las Vegas Stars batting - Pitching for Walla Walla All-Stars : RHP Ricky Gutiérrez
Pitching: LHP Pepe Caro
Now at C: Luke McIndoe
Now at 1B: Jeff Thompson
Pinch Hitting: RHB Shih-k'ai Huang 0-0: Foul Ball, location: 2F
0-1: Called Strike
0-2: Ball
1-2: Ball
2-2: Strikes out swinging
Pinch Hitting: RHB Xin Zhang 0-0: Ball
1-0: Ball
2-0: Ground out 6-3 (Groundball, 6)
Pinch Hitting: RHB Eric McDaniel 0-0: Ball
1-0: Called Strike
1-1: Foul Ball, location: 2F
1-2: DOUBLE (Line Drive, 7LM)
Batting: LHB Juan Cabañas 0-0: Ball
1-0: Ball
2-0: Ball
3-0: Base on Balls
Batting: LHB Eliot Helen 0-0: Ball
1-0: Called Strike
1-1: Ground out 3-1 (Groundball, 34S)
Bottom of the 9th over - 0 run(s), 1 hit(s), 0 error(s), 2 left on base; Walla Walla 3 - Las Vegas 2
This league is powered by Out of the Park Baseball, the baseball management simulation game for PC, Mac and Linux
Wednesday, December 2nd, 2015 - OOTP Baseball 16.8 Build 38